 Dungeon Crawl Stone Soup version 0.29-a0-459-g97dee8cd24 (webtiles) character file.

Game seed: 11647310591041334347

297 croobank the Digger (level 6, -6/34 HPs)
             Began as a Gargoyle Earth Elementalist on May 20, 2022.
             Mangled by a gnoll
             ... wielding a +0 halberd
              (7 damage)
             ... on level 2 of the Dungeon.
             The game lasted 00:13:50 (3854 turns).

croobank the Digger (Gargoyle Earth Elementalist)   Turns: 3854, Time: 00:13:51

Health: -6/34      AC:  6    Str: 12    XL:     6   Next: 35%
Magic:  19/19      EV: 12    Int: 17    God:
Gold:   122        SH:  0    Dex: 10    Spells: 3/11 levels left

rFire   . . .      SeeInvis .   a - +0 trident
rCold   . . .      Faith    .   (no shield)
rNeg    + . .      Spirit   .   b - +0 robe
rPois   ∞          Reflect  .   (no helmet)
rElec   +          Harm     .   (no cloak)
rCorr   .          Rampage  .   (no gloves)
Will    .....                   (no boots)
Stlth   ++........              (no amulet)
HPRegen 0.11/turn               e - ring of magical power
MPRegen 0.16/turn               (no ring)

@: no status effects
A: sickness immunity, AC +4, negative energy resistance 1, electricity
resistance, torment resistance 1, petrification resistance
a: no special abilities


You were on level 2 of the Dungeon.
You visited 1 branch of the dungeon, and saw 4 of its levels.

You collected 122 gold pieces.

Inventory:

Hand Weapons
 a - a +0 trident (weapon)
 g - a +0 spear of distortion
 i - a +0 hunting sling
 m - a +1 dagger of venom
 q - a +0 spear
 s - a +2 vampiric dagger
 t - a +0 long sword
 v - a +0 dagger of flaming
Missiles
 h - 3 boomerangs
Armour
 b - a +0 robe (worn)
 o - a +0 leather armour
 r - a +0 ring mail
Jewellery
 e - a ring of magical power (left hand)
Wands
 j - a wand of mindburst (14)
Scrolls
 n - a scroll of enchant weapon {unknown}
 p - 2 scrolls of silence {unknown}
 u - 2 scrolls of enchant armour {unknown}
Potions
 c - a potion of magic
 d - 2 potions of ambrosia
 f - 2 potions of invisibility
 k - 2 potions of brilliance
 l - a potion of curing


   Skills:
 + Level 1.2 Fighting
 + Level 2.7 Dodging
 + Level 3.9 Stealth
 + Level 3.0 Spellcasting
 + Level 2.2 Transmutations
 + Level 4.8 Earth Magic


You had 3 spell levels left.
You knew the following spells:

 Your Spells              Type           Power      Damage    Failure   Level
a - Sandblast             Erth           38%        2d10      2%          1
b - Passwall              Tmut/Erth      11%        N/A       6%          2
c - Stone Arrow           Conj/Erth      20%        3d8       19%         3
d - Poisonous Vapours     Pois/Air       4%         N/A       26%         2

Your spell library contained the following spells:

 Spells                   Type           Power      Damage    Failure   Level
 Slow                     Hex            8%         N/A       17%         1
 Confusing Touch          Hex            2%         N/A       45%         3
 Dazzling Flash           Conj/Hex       4%         N/A       45%         3
 Vampiric Draining        Necr           2%         2d6       45%         3
 Petrify                  Tmut/Erth      14%        N/A       38%         4
 Corpse Rot               Necr/Pois/Air  2%         N/A       86%         4
 Agony                    Necr           2%         N/A       99%         5
 Silence                  Hex/Air        1%         N/A       99%         5


Dungeon Overview and Level Annotations

Branches:
Dungeon (4/15)
 Temple: D:4-7

Altars:
Elyvilon
Hepliaklqana
Yredelemnul
Zin


Innate Abilities, Weirdness & Mutations

You are immune to sickness and miasma.
Your stone body is resilient. (AC +4)
You are immune to poison.
You resist negative energy. (rN+)
You are resistant to electric shocks. (rElec)
You are resistant to unholy torment.
You are immune to petrification.


Message History

The gnoll attacks as you move away! The gnoll hits you with a +0 whip.
* * * LOW HITPOINT WARNING * * *
You hit the gnoll.
The gnoll is moderately wounded.
The gnoll hits you with a +0 whip.
* * * LOW HITPOINT WARNING * * *
You barely miss the gnoll.
The gnoll is moderately wounded.
The gnoll barely misses you. The gnoll completely misses you.
The gnoll closely misses you. x2
You hit the gnoll.
The gnoll is severely wounded.
The gnoll barely misses you. x2
Unknown command.
It was a potion of curing.
You feel better.
The gnoll hits you from afar with a +0 halberd!
* * * LOW HITPOINT WARNING * * *
The gnoll hits you with a +0 whip.
* * * LOW HITPOINT WARNING * * *
Okay, then.
Aiming: Mindburst
Press: ? - help, Shift-Dir - straight line, f - gnoll
Aim: a gnoll, wielding a +0 whip (severely wounded, chance to affect: 72%)
The gnoll's mind is blasted!
You blow up the gnoll!
The gnoll completely misses you.
Reach: a) +0 trident
Press: ? - help, Dir - move target, f - gnoll
Aim: a gnoll, wielding a +0 halberd (about 44% to evade your +0 trident)
Okay, then.
Aiming: Mindburst
Press: ? - help, Shift-Dir - straight line, f - gnoll
Aim: a gnoll, wielding a +0 halberd (chance to affect: 72%)
The gnoll's mind is blasted!
The gnoll barely misses you.
Aiming: Mindburst
Press: ? - help, Shift-Dir - straight line, f/p - gnoll
Aim: a gnoll, wielding a +0 halberd (severely wounded, chance to affect: 72%)
The gnoll struggles to resist.
The gnoll hits you from afar with a +0 halberd!
You die...

....###'#......#.....##..#.#.#.##
###.###.#......#^....###'#+#)#.#
.........[....)#...........).#.#
.##.###.#......#.............#.##
.##.# #....#+#.####..........#...
.##.#####......# #..........#.##
###.#...#......# #######........
#.###.#......###########.......
#.# #.##'#'#..@)g..............
#.# #.##.#.#############..##.##
#)# #.##.#.# ##..#.#
###'###.##.#.####### ##.#.#
...))......#.......# #.#.##
.)))...###########.# #.#...
.......'.).......#+### #...##
.......#########.....# ##..#
.......# #.....# #..#


You could see a gnoll.

Vanquished Creatures
  An orc priest (D:2)
  An orc wizard (D:2)
  Robin (D:2)
  7 gnolls
  9 adders
  An adder zombie (D:3)
  A dart slug (D:3)
  4 orcs
  6 bats
  4 endoplasms
  A giant cockroach (D:3)
  14 goblins
  9 hobgoblins
  2 quokkas (D:3)
  9 ball pythons
  A ball python zombie (D:3)
  2 frilled lizards
  A kobold (D:2)
  7 rats
81 creatures vanquished.

Notes
Turn   | Place    | Note
-------+----------+-------------------------------------------
     0 | D:1      | croobank the Gargoyle Earth Elementalist began the quest
                  | for the Orb.
     0 | D:1      | Reached XP level 1. HP: 10/10 MP: 3/3
   310 | D:1      | You fall into a shaft and drop 1 floor!
   546 | D:2      | Reached skill level 1 in Transmutations
   546 | D:2      | Reached XP level 2. HP: 15/15 MP: 5/5
   570 | D:2      | Learned a level 2 spell: Passwall
   766 | D:2      | Reached XP level 3. HP: 13/19 MP: 6/6
   869 | D:2      | Reached skill level 4 in Earth Magic
  1098 | D:2      | Found a hazy altar of Hepliaklqana.
  1104 | D:2      | Reached XP level 4. HP: 23/24 MP: 7/7
  1254 | D:2      | Noticed Robin
  1263 | D:2      | Killed Robin
  1518 | D:2      | Learned a level 3 spell: Stone Arrow
  1622 | D:2      | Reached XP level 5. HP: 28/28 MP: 9/9
  2478 | D:3      | Reached XP level 6. HP: 9/33 MP: 10/10
  2767 | D:3      | Reached skill level 1 in Fighting
  3041 | D:3      | Learned a level 2 spell: Poisonous Vapours
  3186 | D:3      | Found a glowing silver altar of Zin.
  3363 | D:3      | Found a white marble altar of Elyvilon.
  3682 | D:3      | Found a basalt altar of Yredelemnul.
  3851 | D:2      | HP: 1/34 [gnoll/+0 whip (4)]
  3854 | D:2      | Mangled by a gnoll

Illustrated notes

Levels and vault maps discovered:
D:1:      amcnicky_arrival_choice, layout_loops_ring,
          ebering_ecumenical_altar_mist
D:2:      cheibrodos_pilgrimage, layout_basic, basic_altar, st_stairs_13,
          minmay_snake_closets, uniq_robin
D:3:      layout_loops_ring, mainiacjoe_overflow_six_doors_small,
          marbit_many_paths, lemuel_zombie_altar_yredelemnul
D:4:      layout_loops_cross, temple_statues, uniq_menkaure

Skill      XL: |  1  2  3  4  5  6 |
---------------+-------------------+-----
Transmutations | 1 2 |  2.2
Earth Magic    | 4 |  4.8
Dodging        | 2 |  2.7
Stealth        | 3 |  3.9
Spellcasting   | 3 |  3.0
Fighting       | 1 |  1.2

Action                   |  1- 3 |  4- 6 || total
-------------------------+-------+-------++-------
Melee: Unarmed           |    41 |    23 ||    64
       Spear             |       |    63 ||    63
       Trident           |       |   139 ||   139
 Cast: Sandblast         |    15 |    33 ||    48
       Stone Arrow       |       |     3 ||     3
Evoke: Wand              |       |     3 ||     3
  Use: Scroll            |       |     7 ||     7
       Potion            |       |     1 ||     1
 Stab: Sleeping          |       |     4 ||     4
       Distracted        |       |     1 ||     1
Armor: Robe              |    13 |    95 ||   108
Dodge: Dodged            |    34 |   170 ||   204

Table legend: (Time is in decaauts)
 A = Elapsed time spent in this place.
 B = Non-inter-level travel time spent in this place.
 C = Inter-level travel time spent in this place.
 D = Time resting spent in this place.
 E = Time spent auto-exploring this place.
 F = Levels seen in this place.
 G = Mean time per level.
                   A        B        C        D        E       F      G
               +--------+--------+--------+--------+--------+-----+--------+
         Total |   3900 |   3880 |     20 |    805 |   2328 |   4 |  975.0 |
       Dungeon |   3900 |   3880 |     20 |    805 |   2328 |   4 |  975.0 |
               +--------+--------+--------+--------+--------+-----+--------+

Top non-repeatable levels by time:
     D:2: 2167 daAuts
     D:3: 1422 daAuts
     D:1: 309 daAuts
     D:4: 1 daAuts
